 Dungeon Crawl Stone Soup version 0.29-a0-234-g0dae59b3db (webtiles) character file.

Game seed: 18184268727419882811

50 spaghetti the Shield-Bearer (level 3, -6/26 HPs)
             Began as an Octopode Fighter on Mar 3, 2022.
             Mangled by a gnoll
             ... wielding a +0 flail
              (9 damage)
             ... on level 1 of the Dungeon.
             The game lasted 00:01:07 (1360 turns).

spaghetti the Shield-Bearer (Octopode Fighter)      Turns: 1360, Time: 00:01:07

Health: -6/26      AC:  1    Str: 15    XL:     3   Next: 79%
Magic:  3/3        EV: 13    Int: 10    God:
Gold:   82         SH:  5    Dex: 13    Spells: 2/2 levels left

rFire   . . .      SeeInvis .   a - +0 long sword {long}
rCold   + . .      Faith    .   b - +0 buckler
rNeg    . . .      Spirit   .   (helmet restricted)
rPois   .          Reflect  .   (no amulet)
rElec   .          Harm     .   k - ring of protection from cold
rCorr   .          Rampage  .   (no ring)
Will    .....                   (no ring)
Stlth   ++........              (no ring)
HPRegen 0.08/turn               (no ring)
MPRegen 0.08/turn               (no ring)
                                (no ring)
                                (no ring)

@: mighty
A: almost no armour, amphibious, 8 rings, camouflage 1, gelatinous body 1,
(nimble swimmer 1), tentacles
a: no special abilities


You were on level 1 of the Dungeon.
You visited 1 branch of the dungeon, and saw 2 of its levels.

You collected 82 gold pieces.


Innate Abilities, Weirdness & Mutations

You cannot wear most types of armour.
You are amphibious.
You can wear up to eight rings at the same time.
Your skin changes colour to match your surroundings (Stealth+).
Your rubbery body absorbs attacks. (AC +1, EV +1)
((You are camouflaged when in or above water. (Stealth+)))
You have tentacles for arms and can constrict up to eight enemies at once.


   Skills:
 - Level 3.0 Fighting
 - Level 2.0 Long Blades
 - Level 3.0 Dodging
 + Level 4.6 Shields


You had 2 spell levels left.
You didn't know any spells.
Your spell library was empty.

Inventory:

Hand Weapons
 a - a +0 long sword (weapon) {long}
Missiles
 g - 2 stones (quivered) {throwing}
Armour
 b - a +0 buckler (worn)
Magical Staves
 f - a staff of cold {!astaff}
   (You found it on level 1 of the Dungeon)
Jewellery
 k - a ring of protection from cold (left tentacle)
   (You found it on level 1 of the Dungeon)
Scrolls
 e - a scroll of fear
Potions
 d - a potion of haste {unknown}
 h - a potion of degeneration {unknown}
 i - 2 potions of ambrosia {unknown}
 j - a potion of invisibility {unknown}

Dungeon Overview and Level Annotations

Branches:
Dungeon (2/15)

Altars:

##########
####........#
######...........#
#................#
####....##.#.########
#.....####.#.#
#..g..####.#.########
#...@.+..............
#...))####.#.##......
#.....# #.#..#.#####
####### #.##.#.#
#.##...# #.#######
######)......#
#......#####.####
#......# #....#


You could see a gnoll.


Message History

k - a ring of protection from cold
k - a ring of protection from cold (left tentacle) Done exploring.
Done exploring.
Done exploring.
(D) Dungeon
Where to? (? - help)
There is a stone staircase leading down here.
You climb downwards.
There is a stone staircase leading up here.
Unknown command.
Unknown command.
A gnoll comes into view. It is wielding a +0 spear.
The gnoll moves out of view.
A gnoll is nearby!
A gnoll is nearby! 2 gnolls come into view.
A gnoll is wielding a +2 whip of freezing.
The gnoll moves out of view. 3 gnolls come into view.
The gnoll shouts! x2
A gnoll comes into view. It is wielding a +0 flail.
The gnoll throws a throwing net.
The throwing net hits you.
You become entangled in the net!
The gnoll shouts!
You see here a throwing net {=f!fthrowing}.
You tear a large gash into the net.
A gnoll comes into view. It is wielding a +0 spear.
You shred the net and break free!
The gnoll shouts!
You hear a shout!
There is a stone staircase leading up here.
The gnoll completely misses you.
You climb upwards.
There is a stone staircase leading down here.
You closely miss the gnoll. You grab the gnoll. You constrict the gnoll.
The gnoll hits you with a +0 club. 😕 HP[-3]
You take 3 damage, and now have 18/21 hp.
You slash the gnoll! You squeeze the gnoll.
You kill the gnoll!
You have reached level 3!
Your experience leads to an increase in your attributes!
Increase (S)trength, (I)ntelligence, or (D)exterity?
You feel agile. x2 😕 HP[+4] MP[+1]
You now have 26 max hp (+5).
You regained 4 hp, and now have 22/26 hp.
Your mp is fully restored (3).
You start resting. 😎 HP[+4]
Your hp is fully restored (26).
You climb downwards.
You block the gnoll's attack. The gnoll misses you.
There is a stone staircase leading up here.
The gnoll hits you with a +0 spear.
There is a stone staircase leading up here. 😕 HP[-5]
You take 5 damage, and now have 21/26 hp.
You block the gnoll's attack.
You climb upwards.
There is a stone staircase leading down here.
Unknown command.
You slash the gnoll! You grab the gnoll. You squeeze the gnoll.
You kill the gnoll!
You start resting. 😎 HP[+5]
Your hp is fully restored (26).
You climb downwards.
The gnoll barely misses you. The gnoll misses you. x2
There is a stone staircase leading up here.
You closely miss the gnoll. Your grab misses the gnoll.
You block the gnoll's attack. The gnoll closely misses you.
The gnoll hits you but does no damage.
The gnoll hits you from afar with a +0 spear! 😮 HP[-8]
You take 8 damage, and now have 18/26 hp.
MASSIVE DAMAGE!! (PAUSE) Unknown command.
You block the gnoll's attack. The gnoll hits you with a +0 whip!
* * * LOW HITPOINT WARNING * * *
You climb upwards.
There is a stone staircase leading down here. 😨 HP[-7]
You take 7 damage, and now have 11/26 hp.
MASSIVE DAMAGE!! (PAUSE)
You hit the gnoll but do no damage. You grab the gnoll. You squeeze the gnoll.
You constrict the gnoll. You block the gnoll's attack.
The gnoll closely misses you.
You barely miss the gnoll. You constrict the gnoll.
The gnoll hits you with a +0 flail!
* * * LOW HITPOINT WARNING * * *
You block the gnoll's attack. 😱 HP[-8]
You take 8 damage, and now have 3/26 hp.
MASSIVE DAMAGE!! (PAUSE)
You hit the gnoll. You constrict the gnoll.
You kill the gnoll!
The gnoll closely misses you. You block the gnoll's attack.
Okay, then.
You feel very mighty all of a sudden. The gnoll hits you with a +0 flail!
You die...

Skill      XL: |  1  2 |
---------------+-------+-----
Shields        | 4 |  4.6
Fighting       | |  3.0
Long Blades    | |  2.0
Dodging        | |  3.0

Action                   || total
-------------------------++-------
Melee: Long sword        ||    35
       Constrict         ||     9
       Tentacles         ||     5
  Use: Scroll            ||     1
       Potion            ||     1
 Stab: Sleeping          ||     4
Armor: Skin              ||     3
Dodge: Dodged            ||    23
Block: Buckler           ||    10

Levels and vault maps discovered:
D:1:      pf_arrival_petrified_forest, layout_basic, minmay_split_cup_large
D:2:      minmay_chambers_of_twos, layout_loops_ring, serial_shops,
          nicolae_shop_waterfront, basic_altar, serial_forest,
          infiniplex_forest_pool, infiniplex_forest_lined_room_3,
          infiniplex_forest_end_2, infiniplex_forest_lined_room_3,
          infiniplex_forest_clump_long, infiniplex_forest_fountain,
          grunt_decor_arrowhead, uniq_sigmund

Notes
Turn   | Place    | Note
-------+----------+-------------------------------------------
     0 | D:1      | spaghetti the Octopode Fighter began the quest for the Orb.
     0 | D:1      | Reached XP level 1. HP: 16/16 MP: 1/1
     0 | D:1      | magus.rc [v1.9.6]
   277 | D:1      | Reached XP level 2. HP: 15/21 MP: 2/2
  1102 | D:1      | Reached skill level 4 in Shields
  1250 | D:1      | Reached XP level 3. HP: 22/26 MP: 3/3
  1358 | D:1      | HP: 3/26 [gnoll/+0 flail (8)]
  1360 | D:1      | Mangled by a gnoll

Vanquished Creatures
  3 gnolls (D:1)
  2 dart slugs (D:1)
  2 endoplasms (D:1)
  A giant cockroach (D:1)
  A goblin (D:1)
  A hobgoblin (D:1)
  2 ball pythons (D:1)
  A bat (D:1)
  2 frilled lizards (D:1)
  3 kobolds (D:1)
  A rat (D:1)
19 creatures vanquished.

Table legend:
 A = Non-vault XP
 B = Vault XP
 C = Vault XP percentage of total XP
 D = Non-vault monster count
 E = Vault monster count
 F = Vault count percentage of total count
                 A         B        C        D         E       F
            +---------+---------+-------+---------+---------+-------
      Total |      66 |       6 |   8.3 |      15 |       4 |  21.1
            +---------+---------+-------+---------+---------+-------
        D:1 |      66 |       6 |   8.3 |      15 |       4 |  21.1
            +---------+---------+-------+---------+---------+-------

Illustrated notes

Table legend:
 A = Kills in this place as a percentage of kills in entire the game.
 B = Kills by you in this place as a percentage of kills by you in the entire game.
 C = Kills by friends in this place as a percentage of kills by friends in the entire game.
 D = Other kills in this place as a percentage of other kills in the entire game.
 E = Experience gained in this place as a percentage of experience gained in the entire game.
 F = Experience gained in this place divided by the number of levels of this place that you have seen.
                   A       B       C       D       E      F
               +-------+-------+-------+-------+-------+----------------------
         Total | 100.0 | 100.0 |   N/A |   N/A | 100.0 |  36.0
       Dungeon | 100.0 | 100.0 |   N/A |   N/A | 100.0 |  36.0
               +-------+-------+-------+-------+-------+----------------------

Table legend: (Time is in decaauts)
 A = Elapsed time spent in this place.
 B = Non-inter-level travel time spent in this place.
 C = Inter-level travel time spent in this place.
 D = Time resting spent in this place.
 E = Time spent auto-exploring this place.
 F = Levels seen in this place.
 G = Mean time per level.
                   A        B        C        D        E       F      G
               +--------+--------+--------+--------+--------+-----+--------+
         Total |   1373 |   1369 |      4 |    198 |   1021 |   2 |  686.5 |
       Dungeon |   1373 |   1369 |      4 |    198 |   1021 |   2 |  686.5 |
               +--------+--------+--------+--------+--------+-----+--------+

Top non-repeatable levels by time:
     D:1: 1348 daAuts
     D:2: 25 daAuts
